 Dungeon Crawl Stone Soup version 0.29-a0-559-g359e09b9d1 (webtiles) character file.

Game seed: 3968284045871498209

525 zeratav the Slinger (level 7, 0/33 HPs)
             Began as a Spriggan Hunter on June 9, 2022.
             Was an Initiate of Okawaru.
             Succumbed to a water moccasin's poison
             ... on level 5 of the Dungeon.
             The game lasted 00:06:35 (4562 turns).

zeratav the Slinger (Spriggan Hunter)               Turns: 4562, Time: 00:06:35

Health: 0/33       AC:  2    Str:  5 (7)  XL:     7   Next: 2%
Magic:  8/8        EV: 17    Int: 10 (11) God:    Okawaru [......]
Gold:   349        SH:  0    Dex: 18 (20) Spells: 6/6 levels left

rFire   . . .      SeeInvis +   a - +1 hunting sling {sling}
rCold   . . .      Faith    .   (no shield)
rNeg    . . .      Spirit   .   b - +0 robe
rPois   .          Reflect  .   (helmet restricted)
rElec   .          Harm     .   (no cloak)
rCorr   .          Rampage  .   (gloves unavailable)
Will    +....                   (boots unavailable)
Stlth   +++.......              (no amulet)
HPRegen 0.11/turn               (no ring)
MPRegen 0.11/turn               (no ring)

@: lethally poisoned (0 -> -10), very quick
A: very small, no large weapons, unfitting armour, see invisible, speed 3
a: Renounce Religion


You were on level 5 of the Dungeon.
You worshipped Okawaru.
Okawaru was noncommittal.
You visited 2 branches of the dungeon, and saw 6 of its levels.

You collected 349 gold pieces.


Innate Abilities, Weirdness & Mutations

You are very small and have problems with some larger weapons.
You are too small for most types of armour.
You have supernaturally acute eyesight. (SInv)
You cover ground extremely quickly. (Speed+++)


   Skills:
 - Level 1.5 Fighting
 + Level 9.4 Slings
 - Level 2.6 Dodging
 - Level 5.0 Stealth


You had 6 spell levels left.
You didn't know any spells.
Your spell library contained the following spells:

 Spells                   Type           Power      Damage    Failure   Level
 Magic Dart               Conj           0%         1d3       36%         1
 Ensorcelled Hibernation  Hex/Ice        0%         N/A       50%         2
 Passwall                 Tmut/Erth      0%         N/A       50%         2
 Mephitic Cloud           Conj/Pois/Air  0%         N/A       75%         3
 Swiftness                Air            0%         N/A       75%         3
 Call Imp                 Summ           Unusable   N/A       N/A         2

Inventory:

Hand Weapons
 a - a +1 hunting sling (weapon) {sling}
 e - a +1 antimagic dagger {short}
   (You took it off a goblin on level 1 of the Dungeon)
Armour
 b - a +0 robe (worn)
 h - a +0 buckler
   (You found it on level 2 of the Dungeon)
Scrolls
 c - 2 scrolls of immolation {!r!r}
 d - a scroll of fear {unknown}
 g - a scroll of noise {unknown}
 i - 4 scrolls of teleportation {unknown}
 k - 2 scrolls of summoning {unknown}
 m - 5 scrolls of identify {unknown}
 r - a scroll of magic mapping {unknown}
 s - a scroll of silence {unknown}
Potions
 f - 3 potions of curing {unknown}
 j - 3 potions of degeneration {!q@e2}
 l - a potion of magic {unknown}
 n - 2 potions of lignification {unknown}
 o - a potion of ambrosia {unknown}
 p - a potion of haste {unknown}
 q - a potion of brilliance {unknown}
 t - a potion of flight {unknown}
 u - 2 potions of mutation {unknown}

Dungeon Overview and Level Annotations

Branches:
Dungeon (5/15)             Temple (1/1) D:4

Altars:
Ashenzari
Dithmenos
Elyvilon
Kikubaaqudgha
Nemelex Xobeh
Okawaru
Trog
Vehumet
Xom
Yredelemnul
Zin
The Shining One

.#....#....# .. ...........##..
$...).(........ ..............#
..............# .............##
...##.(...........##### #
....... #.S@####.#..#.# # ..
#....# #.............######
.##.##..... #......##..#....##..
.....###..# #.....####.###......
.........###.....# #).##.<....
##................# ##.###.....
.?........#..#....#####.##....(.
....#........###........###.....
#...#......#.......#.##.##.##.


You could see a water moccasin.


Message History

The water moccasin misses you.
You shoot a sling bullet.
The sling bullet closely misses the water moccasin.
The water moccasin closely misses you.
The water moccasin completely misses you.
You shoot a sling bullet.
The sling bullet misses the water moccasin.
The water moccasin barely misses you.
You shoot a sling bullet.
The sling bullet closely misses the water moccasin.
The water moccasin bites you but does no damage.
The water moccasin bites you!
You are poisoned.
The water moccasin poisons you!
HP[-7]
You take 7 damage, and now have 26/33 hp.
MASSIVE DAMAGE!! (PAUSE)
You shoot a sling bullet.
The sling bullet barely misses the water moccasin.
You feel very sick.
The water moccasin completely misses you.
HP[-4]
You take 4 damage, and now have 22/33 hp.
You are too injured to fight recklessly!
You are too injured to fight recklessly!
You are too injured to fight recklessly!
Fire: a) +1 hunting sling {sling}
Press: ? - help, Q - select action Shift-Dir - straight line, f/p - water moccasin
Aim: a water moccasin (lightly wounded, 50% to hit)
You shoot a sling bullet.
The sling bullet barely misses the water moccasin.
You feel sick. The water moccasin closely misses you.
HP[-2]
You take 2 damage, and now have 20/33 hp.
Fire: a) +1 hunting sling {sling}
Press: ? - help, Q - select action Shift-Dir - straight line, f/p - water moccasin
Aim: a water moccasin (lightly wounded, 50% to hit)
You shoot a sling bullet.
The sling bullet closely misses the water moccasin.
You feel sick.
The water moccasin completely misses you. x2
Fire: a) +1 hunting sling {sling}
Press: ? - help, Q - select action Shift-Dir - straight line, f/p - water moccasin
Aim: a water moccasin (lightly wounded, 50% to hit)
You shoot a sling bullet.
The sling bullet hits the water moccasin.
You feel sick. The water moccasin misses you.
HP[-3]
You take 3 damage, and now have 17/33 hp.
Fire: a) +1 hunting sling {sling}
Press: ? - help, Q - select action Shift-Dir - straight line, f/p - water moccasin
Aim: a water moccasin (moderately wounded, 50% to hit)
You shoot a sling bullet.
The sling bullet barely misses the water moccasin.
You feel sick. The water moccasin barely misses you.
The water moccasin completely misses you.
Fire: a) +1 hunting sling {sling}
Press: ? - help, Q - select action Shift-Dir - straight line, f/p - water moccasin
Aim: a water moccasin (moderately wounded, 50% to hit)
You shoot a sling bullet.
The sling bullet hits the water moccasin!
You feel sick. The water moccasin misses you.
HP[-3]
You take 3 damage, and now have 14/33 hp.
Fire: a) +1 hunting sling {sling}
Press: ? - help, Q - select action Shift-Dir - straight line, f/p - water moccasin
Aim: a water moccasin (severely wounded, 50% to hit)
You shoot a sling bullet.
The sling bullet hits the water moccasin but does no damage.
You feel sick. The water moccasin bites you.
* * * LOW HITPOINT WARNING * * *
You are lethally poisoned!
The water moccasin poisons you! The water moccasin misses you.
HP[-5]
You take 5 damage, and now have 9/33 hp.
Okay, then.
Fire: a) +1 hunting sling {sling}
Press: ? - help, Q - select action Shift-Dir - straight line, f/p - water moccasin
Aim: a water moccasin (severely wounded, 50% to hit)
You shoot a sling bullet.
The sling bullet misses the water moccasin.
* * * LOW HITPOINT WARNING * * *
You feel very sick. The water moccasin misses you.
HP[-4]
You take 4 damage, and now have 5/33 hp.
Fire: a) +1 hunting sling {sling}
Press: ? - help, Q - select action Shift-Dir - straight line, f/p - water moccasin
Aim: a water moccasin (severely wounded, 50% to hit)
You shoot a sling bullet.
The sling bullet hits the water moccasin.
* * * LOW HITPOINT WARNING * * *
You feel very sick. The water moccasin barely misses you.
The water moccasin misses you.
HP[-3]
You take 3 damage, and now have 2/33 hp.
It was a potion of degeneration.
There was something very wrong with that liquid.
You feel weakened.
You feel dopey.
You feel clumsy.
You die...

Skill      XL: |  1  2  3  4  5  6 |
---------------+-------------------+-----
Slings         | 5 6 7 9 |  9.4
Stealth        | 2 4 5 |  5.0
Fighting       | |  1.5
Dodging        | |  2.6

Action                   |  1- 3 |  4- 6 |  7- 9 || total
-------------------------+-------+-------+-------++-------
 Fire: Hunting sling     |   124 |   174 |    21 ||   319
  Use: Potion            |       |       |     1 ||     1
Armor: Robe              |     8 |     5 |     1 ||    14
Dodge: Dodged            |    56 |    72 |    23 ||   151

Levels and vault maps discovered:
D:1:      psy_arrival_radial02, layout_basic,
          hellmonk_ecumenical_altar_watching_god
D:2:      layout_rooms, minmay_misc_feat_chi
D:3:      layout_loops_ring, nicolae_overflow_ecumenical_swirl,
          marbit_many_paths, serial_glass, glass_columns_b, glass_columns_a,
          st_stairs_3
D:4:      minmay_recursive_quarters, layout_loops_corners,
          mainiacjoe_overflow_alcove_2, temple_statues,
          chequers_serial_rivers_micro_d, kennysheep_generic_room_14
D:5:      layout_cave_pools, makhleb_blood_cavern_becter, uniq_grinder
Temple:   dpeg_three_leaves_temple

Notes
Turn   | Place    | Note
-------+----------+-------------------------------------------
     0 | D:1      | zeratav the Spriggan Hunter began the quest for the Orb.
     0 | D:1      | Reached XP level 1. HP: 10/10 MP: 2/2
     0 | D:1      | magus.rc [v1.9.6]
    66 | D:1      | Reached skill level 5 in Slings
   169 | D:1      | Found a faded altar of an unknown god.
   169 | D:1      | Noticed an eye of devastation
   172 | D:1      | Noticed an eye of devastation
   172 | D:1      | Noticed an eye of devastation
   172 | D:1      | Noticed an eye of devastation
   198 | D:1      | Reached XP level 2. HP: 14/14 MP: 3/3
   288 | D:1      | You fall into a shaft and drop 1 floor!
  1017 | D:2      | Reached skill level 6 in Slings
  1047 | D:2      | Reached XP level 3. HP: 18/18 MP: 4/4
  1074 | D:2      | You pick up a book of Minor Magic and begin reading...
  1074 | D:2      | You add the spells Magic Dart, Call Imp and Mephitic Cloud
                  | to your library.
  1394 | D:3      | You pick up a book of Burglary and begin reading...
  1394 | D:3      | You add the spells Passwall, Ensorcelled Hibernation and
                  | Swiftness to your library.
  1517 | D:3      | Found a faded altar of an unknown god.
  1524 | D:3      | Found a sparkling altar of Nemelex Xobeh.
  1782 | D:3      | Reached skill level 2 in Stealth
  1984 | D:3      | Found a shimmering altar of Xom.
  2126 | D:4      | Reached XP level 4. HP: 11/22 MP: 5/5
  2159 | D:4      | Noticed a phantom
  2334 | D:4      | Reached skill level 3 in Stealth
  2427 | D:4      | HP: 4/22 [phantom (2)]
  2428 | D:4      | Killed a phantom
  2429 | D:4      | Reached skill level 7 in Slings
  2429 | D:4      | Reached skill level 4 in Stealth
  2429 | D:4      | Reached XP level 5. HP: 5/25 MP: 6/6
  2515 | D:4      | Noticed a phantom
  2823 | D:4      | Killed a phantom
  2824 | D:4      | Reached skill level 5 in Stealth
  2824 | D:4      | Reached XP level 6. HP: 25/30 MP: 7/7
  2902 | D:4      | Reached skill level 8 in Slings
  2968 | D:4      | Found a basalt altar of Yredelemnul.
  3491 | D:4      | Found a staircase to the Ecumenical Temple.
  3727 | Temple   | Entered the Ecumenical Temple
  3811 | Temple   | Became a worshipper of Warmaster Okawaru
  4140 | D:5      | Entered Level 5 of the Dungeon
  4201 | D:5      | Reached skill level 9 in Slings
  4436 | D:5      | Noticed an ice beast
  4462 | D:5      | Noticed a water moccasin
  4495 | D:5      | Killed an ice beast
  4496 | D:5      | Reached XP level 7. HP: 30/33 MP: 8/8
  4560 | D:5      | HP: 5/33 [poisoned by a water moccasin]
  4561 | D:5      | HP: 2/33 [poisoned by a water moccasin]
  4562 | D:5      | Succumbed to a water moccasin's poison

Vanquished Creatures
  An ice beast (D:5)
  3 phantoms (D:4)
  A hound (D:4)
  A jelly (D:5)
  2 adders
  4 gnolls (D:4)
  A worm (D:3)
  3 dart slugs
  An orc (D:4)
  3 bats
  8 endoplasms
  A giant cockroach (D:1)
  11 goblins
  3 hobgoblins
  9 jackals
  3 quokkas
  7 ball pythons
  A frilled lizard (D:3)
  12 kobolds
  4 rats
79 creatures vanquished.

Table legend:
 A = Non-vault XP
 B = Vault XP
 C = Vault XP percentage of total XP
 D = Non-vault monster count
 E = Vault monster count
 F = Vault count percentage of total count
                 A         B        C        D         E       F
            +---------+---------+-------+---------+---------+-------
      Total |     573 |     178 |  23.7 |      63 |      16 |  20.3
            +---------+---------+-------+---------+---------+-------
        D:1 |      21 |       0 |   0.0 |      14 |       0 |   0.0
        D:2 |      30 |       0 |   0.0 |      16 |       0 |   0.0
        D:3 |      37 |       8 |  17.8 |      12 |       5 |  29.4
        D:4 |     291 |     170 |  36.9 |      18 |      11 |  37.9
        D:5 |     194 |       0 |   0.0 |       3 |       0 |   0.0
            +---------+---------+-------+---------+---------+-------

Illustrated notes

Table legend:
 A = Kills in this place as a percentage of kills in entire the game.
 B = Kills by you in this place as a percentage of kills by you in the entire game.
 C = Kills by friends in this place as a percentage of kills by friends in the entire game.
 D = Other kills in this place as a percentage of other kills in the entire game.
 E = Experience gained in this place as a percentage of experience gained in the entire game.
 F = Experience gained in this place divided by the number of levels of this place that you have seen.
                   A       B       C       D       E      F
               +-------+-------+-------+-------+-------+----------------------
         Total | 100.0 | 100.0 |   N/A |   N/A | 100.0 | 125.2
       Dungeon | 100.0 | 100.0 |   N/A |   N/A | 100.0 | 150.2
               +-------+-------+-------+-------+-------+----------------------

Table legend: (Time is in decaauts)
 A = Elapsed time spent in this place.
 B = Non-inter-level travel time spent in this place.
 C = Inter-level travel time spent in this place.
 D = Time resting spent in this place.
 E = Time spent auto-exploring this place.
 F = Levels seen in this place.
 G = Mean time per level.
                   A        B        C        D        E       F      G
               +--------+--------+--------+--------+--------+-----+--------+
         Total |   3376 |   3273 |    103 |    668 |   1973 |   6 |  562.7 |
       Dungeon |   3319 |   3221 |     98 |    668 |   1939 |   5 |  663.8 |
        Temple |     56 |     51 |      5 |      0 |     34 |   1 |   56.0 |
               +--------+--------+--------+--------+--------+-----+--------+

Top non-repeatable levels by time:
     D:4: 1382 daAuts
     D:3: 701 daAuts
     D:1: 528 daAuts
     D:5: 387 daAuts
     D:2: 319 daAuts
  Temple: 56 daAuts
